 Dungeon Crawl Stone Soup version 0.29.1-12-g30fa7ad0bf (webtiles) character file.

Game seed: 1567701352313811163

21 sanboga the Shield-Bearer (level 2, 0/19 HPs)
             Began as a Gargoyle Fighter on Jan 14, 2023.
             Slain by an orc
             ... wielding a +0 mace
              (1 damage)
             ... on level 2 of the Dungeon.
             The game lasted 00:00:55 (1089 turns).

sanboga the Shield-Bearer (Gargoyle Fighter)        Turns: 1089, Time: 00:00:56

Health: 0/19       AC:  9    Str: 19    XL:     2   Next: 87%
Magic:  2/2        EV:  9    Int:  8    God:
Gold:   56         SH:  0    Dex:  9    Spells: 1/1 levels left

rFire   . . .      SeeInvis .   a - +0 war axe
rCold   . . .      Faith    .   c - +0 buckler
rNeg    + . .      Spirit   .   b - +0 scale mail
rPois   ∞          Reflect  .   (no helmet)
rElec   +          Harm     .   (no cloak)
rCorr   .          Rampage  .   (no gloves)
Will    .....                   (no boots)
Stlth   ..........              (no amulet)
HPRegen 0.06/turn               (no ring)
MPRegen 0.08/turn               (no ring)

@: confused
A: sickness immunity, AC +2, negative energy resistance 1, electricity
resistance, torment resistance 1, petrification resistance
a: no special abilities


You were on level 2 of the Dungeon.
You visited 1 branch of the dungeon, and saw 2 of its levels.

You collected 56 gold pieces.

Inventory:

Hand Weapons
 a - a +0 war axe (weapon)
Armour
 b - a +0 scale mail (worn)
 c - a +0 buckler (worn)
Scrolls
 e - a scroll of enchant weapon {unknown}
 f - a scroll of immolation {unknown}
 j - 2 scrolls of teleportation {unknown}
 k - a scroll of fog {unknown}
Potions
 d - a potion of might
 g - a potion of mutation {unknown}
 h - 2 potions of curing {unknown}
 i - a potion of flight {unknown}


   Skills:
 + Level 3.5 Fighting
 * Level 2.3 Axes
 + Level 3.5 Armour
 + Level 3.5 Shields


You had one spell level left.
You didn't know any spells.
Your spell library was empty.

Dungeon Overview and Level Annotations

Branches:
Dungeon (1/15)

Altars:

Shops:
D:1 =


Innate Abilities, Weirdness & Mutations

You are immune to sickness and miasma.
Your stone body is resilient. (AC +2)
You are immune to poison.
You resist negative energy. (rN+)
You are resistant to electric shocks. (rElec)
You are resistant to unholy torment.
You are immune to petrification.


Message History

You barely miss the orc wizard.
The orc wizard is severely wounded.
You hit the orc.
The orc wizard gestures at you while chanting.
You resist with significant effort. The orc hits you but does no damage.
The orc wizard gestures wildly while chanting.
The orc wizard flickers and vanishes!
Deactivating autopickup; reactivate with Ctrl-A.
You completely miss something. You barely miss the orc.
You completely miss the orc. The orc hits you but does no damage.
The orc barely misses you.
You hear some strange, mumbled words.
Something tries to affect you, but you resist.
You barely miss something. You hit the orc. You hit the orc but do no damage.
The orc hits you with a +0 mace. The orc hits you but does no damage.
Something hits you but does no damage.
You miss something.
You hit the orc. x2; The orc closely misses you.
Something hits you but does no damage. The orc hits you with a +0 flail.
The orc barely misses you.
You hear some strange, mumbled words.
You are confused.
The orc closely misses you.
You closely miss something. You hit the orc but do no damage.
You closely miss the orc. The orc hits you with a +0 mace.
* * * LOW HITPOINT WARNING * * *
The orc misses you. Something hits you but does no damage.
You closely miss the orc.
The orc is moderately wounded.
You closely miss the orc. You completely miss something.
The orc barely misses you. Something hits you.
* * * LOW HITPOINT WARNING * * *
The orc hits you but does no damage. The orc barely misses you.
You hear some strange, mumbled words.
A puff of flame appears from out of thin air!
The puff of flame hits you.
* * * LOW HITPOINT WARNING * * *
The orc hits you but does no damage. Something hits you but does no damage.
The orc closely misses you. The orc attacks as you move away!
The orc hits you with a +0 mace.
You die...

...............##.........#)#
...............##.#.###.#.#.#####
##.##.#...........^.....#........
#.##.##.......##.#.#####.#.#####
#..#.##.......##.#.........#
##.#...........#...#####.###
#.#..#.##.##..#.#######.#
#.#..#.##.##.o#.........#
###.#..#......{o@.........#
..........#.#####.#########
##.)#..##.#.# #.# ##.....##.#.#
#.# .......##.#.# #.#
##..#####.#.# #.# #..........#
#.# ##.......#.. ..#
###.........#


You could see 2 orcs.

Vanquished Creatures
  3 endoplasms
  2 giant cockroaches (D:1)
  2 goblins (D:1)
  3 hobgoblins
  A quokka (D:1)
  2 ball pythons (D:1)
  2 bats
  2 kobolds
  3 rats
20 creatures vanquished.

Notes
Turn   | Place    | Note
-------+----------+-------------------------------------------
     0 | D:1      | sanboga the Gargoyle Fighter began the quest for the Orb.
     0 | D:1      | Reached XP level 1. HP: 14/14 MP: 1/1
   210 | D:1      | Reached XP level 2. HP: 19/19 MP: 2/2
   306 | D:1      | Found Satsic's Jewellery Shoppe.
   647 | D:1      | You fall into a shaft and drop 1 floor!
  1089 | D:2      | Slain by an orc

Illustrated notes

Levels and vault maps discovered:
D:1:      psy_arrival_radial02, layout_basic, serial_shops, nicolae_square_shop
D:2:      layout_loops_ring

Skill      XL: |  1 |
---------------+----+-----
Axes           | 2 |  2.3
Fighting       | |  3.5
Armour         | |  3.5
Shields        | |  3.5

Action                   || total
-------------------------++-------
Melee: War axe           ||    63
Armor: Scale mail        ||    47
Dodge: Dodged            ||    53
Block: Buckler           ||    17
